 Dungeon Crawl Stone Soup version 0.23.0-41-g86b089e62c (webtiles) character file.

Game seed: 1955197060752240644

2910 Peloso the Carver (level 9, -4/78 HPs)
             Began as a Minotaur Fighter on Feb 28, 2019.
             Was a Priest of Okawaru.
             Slain by a manticore (10 damage)
             ... on level 6 of the Dungeon.
             The game lasted 00:12:14 (4774 turns).

Peloso the Carver (Minotaur Fighter)                Turns: 4774, Time: 00:12:15

Health: -4/78      AC: 13    Str: 22    XL:     9   Next: 49%
Magic:  8/8        EV:  6    Int:  5    God:    Okawaru [***...]
Gold:   295        SH: 11    Dex: 12    Spells: 8/8 levels left

rFire    . . .     SeeInvis .   a - +0 long sword
rCold    . . .     Gourm    .   c - +0 shield
rNeg     + . .     Faith    .   g - +0 plate armour
rPois    .         Spirit   .   (helmet restricted)
rElec    .         Reflect  .   (no cloak)
rCorr    .         Harm     .   (no gloves)
MR       .....                  (no boots)
Stlth    ..........             (no amulet)
HPRegen  0.23/turn              p - ring of positive energy
MPRegen  0.11/turn              (no ring)

@: no status effects
A: retaliatory headbutt, horns 2
a: Heroism, Renounce Religion


You were on level 6 of the Dungeon.
You worshipped Okawaru.
Okawaru was most pleased with you.
You were not hungry.

You visited 2 branches of the dungeon, and saw 8 of its levels.
You visited the Abyss 1 time.

You collected 295 gold pieces.

Inventory:

Hand Weapons
 a - a +0 long sword (weapon)
 l - a +0 whip of flaming
Armour
 b - a +0 scale mail
 c - a +0 shield (worn)
 g - a +0 plate armour (worn)
Jewellery
 d - a +5 ring of intelligence
 p - a ring of positive energy (left hand)
 q - an uncursed ring of flight
Wands
 i - a wand of flame (24)
 o - a wand of paralysis (5)
Scrolls
 e - 3 scrolls of amnesia
 m - a scroll of magic mapping
 n - 4 scrolls of remove curse
 s - 2 scrolls of fog {unknown}
 t - 6 scrolls of enchant armour
 v - a scroll of immolation {unknown}
 y - a scroll of identify
 A - a scroll of teleportation {unknown}
Potions
 h - a potion of agility
 j - a potion of curing
 k - 2 potions of mutation
 r - 3 potions of magic
 u - a potion of heal wounds {unknown}
 w - a potion of ambrosia {unknown}
 x - 3 potions of flight {unknown}
 z - a potion of resistance {unknown}
Comestibles
 f - 11 rations


   Skills:
 + Level 6.9 Fighting
 + Level 10.5 Long Blades
 + Level 7.2 Armour
 + Level 0.9 Dodging
 + Level 0.9 Stealth
 + Level 8.9 Shields


You had 8 spell levels left.
You didn't know any spells.
Your spell library was empty.

Dungeon Overview and Level Annotations

Branches:
Dungeon (7/15)             Temple (1/1) D:4

Altars:
Dithmenos
Elyvilon
Fedhas
Hepliaklqana
Makhleb
Nemelex Xobeh
Okawaru
Qazlal
Ru
Sif Muna
Trog
Uskayaw
Vehumet
Xom
Yredelemnul
Zin

Annotations:
D:6 exclusion: oklob plant


Innate Abilities, Weirdness & Mutations

You reflexively headbutt those who attack you in melee.
You have a pair of horns on your head.


Message History

* * * LOW HITPOINT WARNING * * *
The manticore claws you but does no damage.
You feel better.
The manticore bites you but does no damage.
The manticore claws you but does no damage.
You block the manticore's attack.
Your shield and plate armour prevent you from hitting the manticore.
You headbutt the manticore, but do no damage.
The manticore is almost dead.
The manticore bites you.
* * * LOW HITPOINT WARNING * * *
You block the manticore's attack. The manticore claws you.
* * * LOW HITPOINT WARNING * * *
You feel better. You block the manticore's attack. The manticore claws you.
* * * LOW HITPOINT WARNING * * *
The manticore barely misses you.
You hit the manticore but do no damage.
The manticore is almost dead.
The manticore bites you!
You die...

#.##.# #[#.......... #.##.# ###
#[#########(# ##.##.#
##.####)....### #.# #..##.#
##.#.#...†.....# #(# #.###.#
#.###...####.#.# #(# ......#
##.#.#..# #.#.# #.# #.#####
##.##..# #.#.###[# #.# #H##..#
#....##.# #.# #@##..####.....#.#
#.# #.##..#..........#
#[##############.##..#.##.....###
.)...............##..............
.##################.##.##.#.#####
..........#########.##.##.#.#
............................#
.#.#####.################.###
.#...# #.# #.....(#


You could see a manticore.

Vanquished Creatures
  Pikel (D:6)
  Sigmund (D:4)
  Edmund (D:4)
  Duvessa (D:4)
  Purgy (D:4)
  An orc warrior (D:6)
  2 sky beasts
  An ice beast (D:5)
  A slave (D:6)
  2 ogres (D:6)
  A centaur (D:3)
  A bullfrog (D:6)
  A wyvern skeleton (D:6)
  A water moccasin zombie (D:5)
  Dowan (D:4)
  2 scorpions (D:5)
  5 wights (D:6)
  A howler monkey (D:5)
  2 crimson imps (D:5)
  2 centaur zombies
  A jelly (D:4)
  2 hounds (D:5)
  3 orc wizards (D:5)
  3 bullfrog skeletons
  An orc priest (D:6)
  A centaur skeleton (D:5)
  An iguana (D:6)
  Jessica (D:2)
  5 worker ants
  Robin (D:2)
  3 gnolls (D:4)
  6 adders
  A shadow imp (D:6)
  2 oozes
  An adder zombie (D:6)
  A worm (D:4)
  3 dart slugs
  2 leopard geckos
  10 orcs
  5 giant cockroaches
  14 goblins
  2 hobgoblins (D:1)
  7 jackals
  2 quokkas
  8 bats
  10 frilled lizards
  A jackal skeleton (D:5)
  5 kobolds
  A leopard gecko skeleton (D:4)
  A quokka skeleton (D:5)
  8 rats
141 creatures vanquished.

Vanquished Creatures (others)
  A bullfrog (D:6)
  A shadow imp (D:6)
2 creatures vanquished.

Grand Total: 143 creatures vanquished

Notes
Turn   | Place    | Note
-------+----------+-------------------------------------------
     0 | D:1      | Peloso the Minotaur Fighter began the quest for the Orb.
     0 | D:1      | Reached XP level 1. HP: 19/19 MP: 0/0
    81 | D:1      | Reached XP level 2. HP: 27/27 MP: 1/1
   740 | D:2      | Reached XP level 3. HP: 33/33 MP: 2/2
   843 | D:2      | Noticed Robin
   848 | D:2      | Noticed Jessica
   867 | D:2      | Killed Robin
   867 | D:2      | Reached skill level 3 in Long Blades
   877 | D:2      | Killed Jessica
   877 | D:2      | Reached XP level 4. HP: 27/40 MP: 3/3
  1178 | D:2      | Reached skill level 4 in Long Blades
  1425 | D:3      | Reached skill level 5 in Shields
  1555 | D:3      | Noticed a centaur
  1575 | D:3      | Killed a centaur
  1575 | D:3      | Reached XP level 5. HP: 30/46 MP: 4/4
  2080 | D:4      | Cast into level 1 of the Abyss (a distortion unwield)
  2120 | Abyss:1  | Noticed a hell hound
  2122 | Abyss:1  | Noticed a lich
  2130 | D:4      | Escaped the Abyss
  2240 | D:4      | Reached XP level 6. HP: 52/52 MP: 5/5
  2402 | D:4      | Noticed Purgy
  2438 | D:4      | Killed Purgy
  2438 | D:4      | Reached skill level 5 in Long Blades
  2438 | D:4      | Reached skill level 5 in Armour
  2498 | D:4      | Found a sparkling altar of Nemelex Xobeh.
  2546 | D:4      | Noticed Duvessa
  2546 | D:4      | Noticed Dowan
  2552 | D:4      | Killed Duvessa
  2552 | D:4      | Reached XP level 7. HP: 36/60 MP: 6/6
  2555 | D:4      | Killed Dowan
  2719 | D:4      | Found a staircase to the Ecumenical Temple.
  2726 | Temple   | Entered the Ecumenical Temple
  2787 | Temple   | Became a worshipper of Warmaster Okawaru
  3068 | D:4      | Noticed Sigmund
  3073 | D:4      | Killed Sigmund
  3073 | D:4      | Reached skill level 6 in Long Blades
  3100 | D:4      | Noticed Edmund
  3110 | D:4      | Killed Edmund
  3158 | D:5      | Entered Level 5 of the Dungeon
  3181 | D:5      | Reached * piety under Okawaru
  3209 | D:5      | Reached skill level 7 in Long Blades
  3209 | D:5      | Reached XP level 8. HP: 55/67 MP: 7/7
  3354 | D:5      | Reached skill level 5 in Fighting
  3529 | D:5      | Reached skill level 8 in Long Blades
  3624 | D:5      | Reached ** piety under Okawaru
  3821 | D:6      | Noticed Pikel
  3850 | D:6      | Killed Pikel
  3850 | D:6      | Reached skill level 9 in Long Blades
  3850 | D:6      | Reached XP level 9. HP: 68/75 MP: 8/8
  3855 | D:6      | Reached *** piety under Okawaru
  4071 | D:6      | Reached skill level 10 in Long Blades
  4101 | D:6      | Found a radiant altar of Vehumet.
  4184 | D:6      | Found a blossoming altar of Fedhas.
  4195 | D:6      | You fall through a shaft!
  4431 | D:6      | Noticed an oklob plant
  4753 | D:7      | Noticed a manticore
  4770 | D:6      | HP: 2/78 [manticore (5)]
  4774 | D:6      | Slain by a manticore

Skill      XL: |  1  2  3  4  5  6  7  8  9 |
---------------+----------------------------+-----
Shields        | 4 5 6 7 8 |  8.9
Fighting       | 4 6 |  6.9
Armour         | 4 5 6 7 |  7.2
Long Blades    | 3 4 5 7 9 10 | 10.5
Dodging        | |  0.9
Stealth        | |  0.9

Action                   |  1- 3 |  4- 6 |  7- 9 || total
-------------------------+-------+-------+-------++-------
Melee: Long sword        |    92 |   174 |   315 ||   581
       Headbutt          |    10 |    22 |    74 ||   106
  Use: Potion            |       |     1 |     3 ||     4
       Scroll            |       |       |    10 ||    10
  Eat: Chunk             |       |     6 |     7 ||    13
Armor: Scale mail        |     7 |       |       ||     7
       Plate armour      |    56 |   148 |   134 ||   338
Dodge: Dodged            |    10 |    42 |    52 ||   104
Block: Shield            |    64 |   138 |   150 ||   352
       Rpst.: Long sword |     1 |     5 |    17 ||    23
